[ PARTIDA AOE2 · #486307314 ]
UnrankedEslavos vs Huns
Equipo del jugador · DERR
Equipo rival · VICT
[ ANÁLISIS DE REPETICIÓN · EXTRAÍDO DE LA PARTIDA GRABADA ]
Feudal
12:24
Castillos
17:12
Imperial
—
| APM promedio | 42.2 |
| APM pico | 94 |
| eAPM promedio | 15.8 |
| Aldeanos / militares | 44 / 12 |
Foco
⚔️ 34.4% · 🌾 65.6%
Scorpion ×7 · Militia ×3 · Spearman ×1 · Battering Ram ×1
Feudal
9:51
Castillos
22:29
Imperial
—
| APM promedio | 54.9 |
| APM pico | 87 |
| eAPM promedio | 23.1 |
| Aldeanos / militares | 46 / 27 |
Foco
⚔️ 25.4% · 🌾 74.6%
Archer ×15 · Knight ×11 · Spearman ×1
Mapa de la partida
Recursos iniciales + cada clic de construcción. Líneas = muros · curvas = relieve. ◆ oro · ⬟ piedra · ● bayas · ✦ reliquia · ◌ hueco del cierre
Tu base· ✓ Cerrada en 17:12 · 44t muro · 1 puerta(s)
Base de JUMP1X· ✓ Cerrada en 22:29 · 52t muro · 1 puerta(s)
Terreno inicial suavizado · ◌ = hueco del cierre detectado · pasá el cursor para detalles
Inputs por minuto
— DS_Gitano Urbano - - JUMP1X
Build order — DS_Gitano Urbano
116 acciones detectadas en el replay
| 0:01 | Crear | Villager (Male) ×4 |
| 0:02 | Construir | House |
| 0:04 | Construir | House |
| 1:33 | Crear | Villager (Male) |
| 1:46 | Crear | Villager (Male) |
| 2:20 | Crear | Villager (Male) |
| 2:25 | Construir | Lumber Camp |
| 2:51 | Crear | Villager (Male) |
| 3:14 | Construir | House |
| 3:21 | Crear | Villager (Male) |
| 3:28 | Crear | Villager (Male) |
| 4:03 | Crear | Villager (Male) |
| 4:30 | Crear | Villager (Male) |
| 5:00 | Crear | Villager (Male) |
| 5:23 | Crear | Villager (Male) |
| 5:28 | Construir | Barracks |
| 5:32 | Crear | Villager (Male) |
| 5:45 | Construir | House |
| 5:47 | Construir | Palisade Wall |
| 6:16 | Crear | Villager (Male) |
| 6:18 | Crear | Militia |
| 6:37 | Crear | Villager (Male) |
| 6:41 | Crear | Militia |
| 6:41 | Crear | Militia |
| 7:01 | Crear | Villager (Male) |
| 7:15 | Construir | Mill |
| 7:31 | Crear | Villager (Male) |
| 7:39 | Construir | House |
| 7:42 | Construir | Palisade Wall |
| 7:55 | Crear | Villager (Male) |
| 8:00 | Construir | House |
| 8:03 | Construir | House |
| 8:08 | Crear | Villager (Male) |
| 8:59 | Crear | Villager (Male) |
| 9:09 | Crear | Villager (Male) |
| 9:32 | Crear | Villager (Male) |
| 9:48 | Construir | House |
| 9:50 | Construir | Palisade Wall |
| 9:52 | Construir | Palisade Wall |
| 9:55 | Construir | Palisade Wall |
| 10:02 | Investigar | Loom |
| 10:14 | Investigar | Feudal Age |
| 10:21 | Construir | Mining Camp |
| 10:24 | Construir | Farm |
| 10:24 | Construir | Farm |
| 10:25 | Construir | Farm |
| 10:25 | Construir | Farm |
| 10:25 | Construir | Farm |
| 12:15 | Crear | Villager (Male) |
| 12:24 | Edad | Edad Feudal |
| 12:26 | Construir | Market |
| 12:28 | Construir | Blacksmith |
| 12:33 | Crear | Villager (Male) |
| 12:40 | Construir | Farm |
| 12:40 | Construir | Farm |
| 12:53 | Investigar | Loom |
| 13:04 | Construir | Farm |
| 13:38 | Crear | Villager (Male) |
| 14:00 | Investigar | Town Watch |
| 14:20 | Construir | Farm |
| 14:20 | Construir | Farm |
| 14:32 | Investigar | Castle Age |
| 14:40 | Construir | House |
| 14:55 | Construir | Palisade Gate |
| 16:01 | Construir | House |
| 16:05 | Investigar | Double-Bit Axe |
| 16:29 | Construir | House |
| 16:33 | Construir | House |
| 16:46 | Investigar | Horse Collar |
| 16:50 | Investigar | Gold Mining |
| 17:12 | Edad | Edad de los Castillos |
| 17:16 | Construir | Siege Workshop |
| 17:20 | Crear | Villager (Male) |
| 17:20 | Crear | Villager (Male) |
| 17:38 | Construir | Siege Workshop |
| 17:39 | Crear | Villager (Male) |
| 18:04 | Crear | Scorpion |
| 18:06 | Crear | Scorpion |
| 18:45 | Construir | House |
| 18:48 | Construir | House |
| 18:53 | Crear | Villager (Male) |
| 18:53 | Crear | Villager (Male) |
| 19:02 | Crear | Scorpion |
| 19:15 | Crear | Villager (Male) |
| 19:35 | Construir | Farm |
| 19:41 | Crear | Villager (Male) |
| 19:52 | Crear | Scorpion |
| 20:05 | Crear | Scorpion |
| 20:30 | Crear | Villager (Male) |
| 20:59 | Crear | Villager (Male) |
| 21:12 | Crear | Villager (Male) |
| 21:14 | Construir | Farm |
| 21:29 | Crear | Battering Ram |
| 21:37 | Crear | Villager (Male) |
| 21:53 | Crear | Villager (Male) |
| 21:56 | Construir | House |
| 22:00 | Crear | Scorpion |
| 22:13 | Crear | Scorpion |
| 22:27 | Crear | Villager (Male) |
| 22:53 | Crear | Villager (Male) |
| 23:29 | Construir | Barracks |
| 23:31 | Crear | Villager (Male) |
| 23:50 | Crear | Villager (Male) |
| 23:58 | Construir | House |
| 24:04 | Construir | Barracks |
| 24:08 | Crear | Villager (Male) |
| 24:10 | Investigar | Wheelbarrow |
| 24:12 | Construir | Farm |
| 24:15 | Construir | Farm |
| 24:33 | Construir | House |
| 24:34 | Construir | House |
| 24:41 | Investigar | Heavy Plow |
| 24:52 | Construir | Monastery |
| 25:02 | Crear | Spearman |
| 25:04 | Investigar | Pikeman (upgrade) |
| 25:13 | Construir | House |
Build order — JUMP1X
138 acciones detectadas en el replay
| 0:00 | Crear | Villager (Male) |
| 0:01 | Crear | Villager (Male) |
| 0:12 | Crear | Villager (Male) |
| 0:13 | Crear | Villager (Male) |
| 1:17 | Crear | Villager (Male) |
| 1:18 | Crear | Villager (Male) |
| 1:44 | Construir | Lumber Camp |
| 1:53 | Crear | Villager (Male) |
| 1:53 | Crear | Villager (Male) |
| 1:59 | Crear | Villager (Male) |
| 2:33 | Crear | Villager (Male) |
| 3:03 | Crear | Villager (Male) |
| 3:40 | Crear | Villager (Male) |
| 3:55 | Construir | Mill |
| 4:01 | Crear | Villager (Male) |
| 4:25 | Crear | Villager (Male) |
| 4:59 | Crear | Villager (Male) |
| 4:59 | Crear | Villager (Male) |
| 5:21 | Crear | Villager (Male) |
| 5:22 | Crear | Villager (Male) |
| 6:06 | Crear | Villager (Male) |
| 6:18 | Construir | Mining Camp |
| 6:32 | Crear | Villager (Male) |
| 6:48 | Crear | Villager (Male) |
| 7:04 | Investigar | Loom |
| 7:41 | Investigar | Feudal Age |
| 7:41 | Investigar | Feudal Age |
| 8:08 | Construir | Barracks |
| 8:21 | Construir | Palisade Wall |
| 8:29 | Construir | Palisade Gate |
| 8:34 | Construir | Palisade Wall |
| 8:38 | Construir | Palisade Wall |
| 8:43 | Construir | Palisade Wall |
| 8:45 | Construir | Palisade Wall |
| 9:20 | Crear | Villager (Male) |
| 9:51 | Edad | Edad Feudal |
| 9:54 | Construir | Archery Range |
| 10:00 | Crear | Villager (Male) |
| 10:00 | Investigar | Double-Bit Axe |
| 10:37 | Crear | Archer |
| 10:43 | Crear | Villager (Male) |
| 10:51 | Construir | Blacksmith |
| 10:53 | Construir | Palisade Wall |
| 11:00 | Crear | Archer |
| 11:03 | Crear | Villager (Male) |
| 11:29 | Crear | Archer |
| 11:30 | Crear | Villager (Male) |
| 11:46 | Investigar | Fletching |
| 11:48 | Crear | Villager (Male) |
| 12:12 | Crear | Villager (Male) |
| 12:17 | Construir | Farm |
| 12:20 | Crear | Villager (Male) |
| 12:35 | Construir | Palisade Wall |
| 12:44 | Construir | Farm |
| 12:44 | Construir | Farm |
| 12:45 | Construir | Farm |
| 12:45 | Construir | Farm |
| 12:48 | Crear | Spearman |
| 13:05 | Crear | Archer |
| 13:24 | Crear | Villager (Male) |
| 13:54 | Crear | Villager (Male) |
| 13:56 | Crear | Archer |
| 14:10 | Construir | Archery Range |
| 14:17 | Crear | Archer |
| 14:18 | Crear | Villager (Male) |
| 14:33 | Crear | Archer |
| 14:41 | Crear | Archer |
| 14:50 | Construir | Palisade Wall |
| 14:52 | Crear | Villager (Male) |
| 14:58 | Construir | Palisade Wall |
| 15:39 | Crear | Villager (Male) |
| 15:42 | Crear | Archer |
| 15:44 | Crear | Archer |
| 15:44 | Crear | Archer |
| 16:12 | Crear | Archer |
| 16:12 | Crear | Archer |
| 16:12 | Crear | Archer |
| 16:16 | Construir | Farm |
| 16:16 | Construir | Farm |
| 16:16 | Construir | Farm |
| 16:17 | Construir | Farm |
| 16:17 | Construir | Farm |
| 16:17 | Construir | Farm |
| 16:17 | Construir | Farm |
| 16:20 | Construir | Farm |
| 16:23 | Construir | Farm |
| 16:23 | Construir | Farm |
| 16:26 | Construir | Farm |
| 16:31 | Crear | Villager (Male) |
| 16:37 | Construir | Palisade Wall |
| 16:46 | Crear | Villager (Male) |
| 17:08 | Crear | Archer |
| 17:33 | Crear | Villager (Male) |
| 17:44 | Construir | Farm |
| 17:44 | Construir | Farm |
| 17:44 | Construir | Farm |
| 17:48 | Crear | Villager (Male) |
| 17:56 | Crear | Villager (Male) |
| 19:18 | Construir | Market |
| 19:49 | Investigar | Castle Age |
| 19:49 | Investigar | Castle Age |
| 20:53 | Construir | Stable |
| 21:02 | Construir | Stable |
| 21:08 | Investigar | Scale Barding Armor |
| 21:38 | Construir | Farm |
| 21:42 | Investigar | Bloodlines |
| 21:52 | Construir | Farm |
| 21:52 | Construir | Farm |
| 21:54 | Construir | Farm |
| 21:59 | Investigar | Forging |
| 22:05 | Construir | Farm |
| 22:09 | Construir | Farm |
| 22:12 | Construir | Farm |
| 22:13 | Construir | Farm |
| 22:15 | Investigar | Horse Collar |
| 22:17 | Construir | Farm |
| 22:26 | Investigar | Gold Mining |
| 22:29 | Edad | Edad de los Castillos |
| 22:31 | Crear | Knight |
| 22:35 | Crear | Knight |
| 23:03 | Crear | Villager (Male) |
| 23:07 | Crear | Knight |
| 23:07 | Crear | Knight |
| 23:29 | Crear | Knight |
| 23:30 | Crear | Knight |
| 23:50 | Construir | Barracks |
| 23:58 | Crear | Villager (Male) |
| 24:08 | Crear | Knight |
| 24:08 | Crear | Knight |
| 24:09 | Crear | Knight |
| 24:09 | Crear | Villager (Male) |
| 24:09 | Crear | Villager (Male) |
| 24:10 | Crear | Villager (Male) |
| 24:27 | Construir | Town Center |
| 24:31 | Crear | Villager (Male) |
| 24:41 | Crear | Knight |
| 24:41 | Crear | Knight |
| 25:06 | Crear | Villager (Male) |
Cronología de la partida
| 5:28 | DS_Gitano Urbano · first_building Barracks |
| 5:47 | DS_Gitano Urbano · wall_segment Palisade Wall x2 |
| 7:42 | DS_Gitano Urbano · wall_segment Palisade Wall x7 |
| 8:08 | JUMP1X · first_building Barracks |
| 8:21 | JUMP1X · wall_segment Palisade Wall x4 |
| 8:34 | JUMP1X · wall_segment Palisade Wall x1 |
| 8:38 | JUMP1X · wall_segment Palisade Wall x1 |
| 8:43 | JUMP1X · wall_segment Palisade Wall x1 |
| 8:45 | JUMP1X · wall_segment Palisade Wall x1 |
| 9:50 | DS_Gitano Urbano · wall_segment Palisade Wall x7 |
| 9:51 | JUMP1X · age_up feudal |
| 9:52 | DS_Gitano Urbano · wall_segment Palisade Wall x15 |
| 9:54 | JUMP1X · first_building Archery Range |
| 9:55 | DS_Gitano Urbano · wall_segment Palisade Wall x15 |
| 10:53 | JUMP1X · wall_segment Palisade Wall x1 |
| 12:24 | DS_Gitano Urbano · age_up feudal |
| 12:35 | JUMP1X · wall_segment Palisade Wall x6 |
| 14:30 | DS_Gitano Urbano · first_market_buy 100 food |
| 14:31 | DS_Gitano Urbano · first_market_sell 100 stone |
| 14:50 | JUMP1X · wall_segment Palisade Wall x23 |
| 14:58 | JUMP1X · wall_segment Palisade Wall x11 |
| 16:37 | JUMP1X · wall_segment Palisade Wall x3 |
| 17:12 | DS_Gitano Urbano · age_up castle |
| 17:16 | DS_Gitano Urbano · first_building Siege Workshop |
| 20:53 | JUMP1X · first_building Stable |
| 22:29 | JUMP1X · age_up castle |
| 24:52 | DS_Gitano Urbano · first_building Monastery |
| 25:32 | DS_Gitano Urbano · resign |
[ ANÁLISIS IA · 1 CRÉDITO ]
¿Qué pasó realmente en esta partida?
Wolo.gg analiza cada decisión: build order, eco, micro, errores típicos por bracket. Análisis personalizado por WhatsApp o Discord en 30 segundos.
Guía civ
Eslavos
Perfil
Jugador #352739